Unix NetHack Version 3.7.0-62 Work-in-progress - last build Aug 24 2022 13:01:46 (1754fd7919031489bd266d173cb7fe17fa02ec73,branch:master). Game began 2022-08-31 18:19:19, ended 2022-08-31 20:01:48. Moult, neutral male human Monk --------- ----------- |........## ########## ##-.........| |...d...| #### # ------# # |.........| ----------- |.......| ########.....|######..........| |.........| |.......| # ###|...*-## |.........|0#########..........| |.......| #-....|# |.........|# -------|--- -------@- ## |....|# --.--------# #### # ## ------#################0 ### # ## # # ## # ######### -|------- #### # |.[<....| ---.-------- # |.......| |..........| ---------h---- |.......| |..........| |%....>......| |.......|#####-..........| |..)%.%%.)%..| |.......-# |..........| |......\.G...| |.......| |..........| |.....(..G...| --------- |..........| |........o...| ------------ -------------- Moult the Initiate St:17 Dx:13 Co:11 In:9 Wi:15 Ch:9 Neutral S:1833 Dlvl:7 $:167 HP:0(37) Pw:41(51) AC:2 Xp:6/329 T:2853 Hungry Latest messages: The hobgoblin misses! The hobgoblin staggers from your powerful strike! You kill the hobgoblin! You see here a hobgoblin corpse. You kill the hobgoblin! You see here a curved sword. You kill the kobold! You hit the bugbear! Your hands no longer glow so brightly red. The bugbear appears confused. You hit the bugbear! The bugbear turns to flee. You miss the bugbear. You kill the bugbear! You see here a bugbear corpse. You see here a hobgoblin corpse. Pick an object. You hit the bugbear! Your hands no longer glow so brightly red. The bugbear appears confused. You hit the bugbear! The bugbear misses the bugbear. You kill the bugbear! You miss the bugbear. You hit the bugbear! Your hands no longer glow so brightly red. The bugbear appears confused. The bugbear hits the bugbear. You hit the bugbear! The bugbear misses! You kill the bugbear! Welcome to experience level 6. The bugbear zaps a long wand! The wand hits you! You see here 2 bugbear corpses. The bugbear picks up an orcish helm. The bugbear puts on an orcish helm. Your hands begin to glow red even more. You are beginning to feel hungry. Your hands begin to glow red even more. The bugbear zaps a long wand! The wand hits you! The bugbear zaps a long wand! The wand hits you! You die... Do you want your possessions identified? y Do you want to see your attributes? y Do you want an account of creatures vanquished? y Do you want to see your conduct and achievements? y Do you want to see the dungeon overview? y Major events: Turn 1: Moult the neutral male human Monk entered the dungeon 282: entered the Gnomish Mines 1061: attained the rank of Novice (level 3) 1402: entered Sokoban 2151: found Vorpal Blade on the floor 2845: attained the rank of Initiate (level 6) 2853: killed by a wand Inventory: Coins $ - 167 gold pieces Weapons P - the blessed +1 Vorpal Blade Armor L - an uncursed +0 dwarvish iron helm (being worn) S - a blessed +1 orcish helm m - an uncursed +0 orcish helm a - an uncursed +2 pair of leather gloves (being worn) M - a cursed -1 pair of iron shoes r - a cursed -1 leather cloak b - an uncursed +1 robe (being worn) Comestibles g - 7 uncursed apples n - a cursed carrot u - an uncursed clove of garlic U - 2 uncursed cream pies f - 3 uncursed food rations D - 4 uncursed food rations i - 2 uncursed fortune cookies h - 6 uncursed oranges V - an uncursed egg Scrolls d - an uncursed scroll of confuse monster T - an uncursed scroll of confuse monster t - a cursed scroll of confuse monster o - 3 uncursed scrolls of earth H - a cursed scroll of earth q - 2 uncursed scrolls of identify B - an uncursed scroll of remove curse y - an uncursed scroll of teleportation Spellbooks c - a blessed spellbook of confuse monster Potions Q - a blessed potion of confusion e - 3 uncursed potions of healing w - an uncursed potion of water Rings X - a cursed ring of regeneration F - an uncursed ring of stealth Wands p - a wand of polymorph (0:5) G - a wand of striking (0:8) Tools x - an uncursed oil lamp named 2126 Moult the Monk's attributes: Background: You were an Initiate, a level 6 male human Monk. You were neutral, on a mission for Chih Sung-tzu who was opposed by Shan Lai Ching (lawful) and Huan Ti (chaotic). You were in the Dungeons of Doom, on level 7. You entered the dungeon 2853 turns ago. You had 329 experience points, 311 more were needed to attain level 7. Your score was 1833 before end-of-game adjustments. Basics: You had 0 out of 37 hit points. You had 41 out of 51 energy points (spell power). Your armor class was 2. Your wallet contained 167 zorkmids. Autopickup was on for '_' plus thrown, with exceptions. Final Characteristics: Your strength was 17 (peak:18, limit:18/100). Your dexterity was 13 (limit:18). Your constitution was 11 (limit:18). Your intelligence was 9 (limit:18). Your wisdom was 15 (limit:18). Your charisma was 9 (limit:18). Final Status: You were hungry. You were unencumbered. You were empty handed. You had basic skill with martial arts. Final Attributes: You were piously aligned. You were sleep resistant. You were poison resistant. You saw invisible. You would have confused monsters when hitting them. You were stealthy. You were guarded. You were fast. You are dead. Miscellaneous: You never encountered a bones level. Total elapsed playing time was 1 hour, 38 minutes and 24 seconds. Vanquished creatures: 3 bugbears a fog cloud 2 yellow lights a shrieker a violet fungus a kobold mummy a giant ant 3 floating eyes a dwarf a homunculus a kobold shaman 4 hill orcs a giant bat a werejackal an acid blob a hobbit 4 manes 7 hobgoblins 2 yellow molds a gnome 2 gnome zombies a gecko a jackal 2 foxes 3 kobolds 3 goblins 4 grid bugs 3 lichens 3 newts 60 creatures vanquished. No species were genocided or became extinct. Voluntary challenges: You never hit with a wielded weapon. You read items or engraved 3 times. You never engraved Elbereth. You never genocided any monsters. You never polymorphed an object. You never changed form. You used no wishes. You did not violate any of the special Sokoban rules. Achievements: You entered the Gnomish Mines. You entered a shop. You attained the rank of Novice. You entered Sokoban. You attained the rank of Initiate. The Dungeons of Doom: levels 1 to 8 Level 1: "two locked chests" Level 2: A potion shop, a fountain. Stairs down to The Gnomish Mines. Level 3: A delicatessen. Level 4: Level 5: Many fountains. Oracle of Delphi. Level 6: "vault" A sink. Stairs up to Sokoban, level 5. Level 7: <- You were here. A throne. Final resting place for you, killed by a wand. Level 8: A fountain. The Gnomish Mines: Level 3: Sokoban: Level 5: Unsolved. Game over: ---------- / \ / REST \ / IN \ / PEACE \ / \ | Moult | | 167 Au | | killed by a wand | | | | | | | | 2022 | *| * * * | * _________)/\\_//(\/(/\)/\//\/|_)_______ Goodbye Moult the Monk... You died in The Dungeons of Doom on dungeon level 7 with 1817 points, and 167 pieces of gold, after 2853 moves. You were level 6 with a maximum of 37 hit points when you died.